 Dungeon Crawl Stone Soup version 0.31.0-9-g3a7656b989 (webtiles) character file.

Game seed: 16724148292866851154

31269 caleiya the Fighter (level 13, -4/75 (87) HPs)
             Began as a Gargoyle Fighter on Feb 2, 2024.
             Was the Champion of Okawaru.
             Slain by a sixfirhy (7 damage)
             ... led by a cacodemon
             ... on level 2 of the Abyss.
             The game lasted 00:43:04 (18350 turns).

caleiya the Fighter (Gargoyle Fighter)             Turns: 18350, Time: 00:43:07

HP:   -4/75 (87)    AC: 26    Str: 24    XL:     13   Next: 57%
MP:   18/18         EV:  7    Int: 11    God:    Okawaru [******]
Gold: 314           SH:  5    Dex:  9    Spells: 12/12 levels left

rFire   + . .        a - +5 trident of Toida {flame, rC+ rN+ Str-2 Int+3}
rCold   + . .        c - +0 buckler
rNeg    + + .        f - +0 plate armour
rPois   ∞            L - +0 helmet
rElec   +            (no cloak)
rCorr   .            (no gloves)
SInv    +            D - +0 pair of boots
Will    .....        F - amulet of faith Stlth
                     A - ring of protection from fire
HPRegen 0.32/turn    z - ring of see invisible
MPRegen 0.16/turn

%: faith
@: studying Short Blades, heavily drained
A: sickness immunity, AC +9, negative energy resistance 1, electricity
resistance, torment resistance 1, petrification resistance
a: Renounce Religion, Heroism, Finesse, Duel, Receive Weapon, Receive Armour


You were on level 2 of the Abyss.
You worshipped Okawaru.
Okawaru was exalted by your worship.
You visited 3 branches of the dungeon, and saw 17 of its levels.
You visited the Abyss 1 time.
You visited 1 bazaar.
You also visited: Sewer and Bailey.

You collected 832 gold pieces.
You spent 518 gold pieces at shops.

Inventory:

Hand Weapons
 a - the +5 trident of Toida (weapon) {flame, rC+ rN+ Str-2 Int+3}
   (You bought it in a shop in a bazaar)

   Str-2:     It affects your strength (-2).
   Int+3:     It affects your intelligence (+3).
   rC+:       It protects you from cold.
   rN+:       It protects you from negative energy.
 b - a +0 sling
 l - a +2 war axe of electrocution
 H - a +0 broad axe
 O - a +3 scimitar of flaming
 Q - a +1 war axe of draining
Missiles
 i - 26 poisoned darts
 j - 85 stones
 w - 2 curare-tipped darts (quivered)
 C - an atropa-tipped dart
Armour
 c - a +0 buckler (worn)
 f - a +0 plate armour (worn)
 D - a +0 pair of boots (worn)
 L - a +0 helmet (worn)
Jewellery
 v - a ring of ice
 z - a ring of see invisible (right hand)
 A - a ring of protection from fire (left hand)
 F - an amulet of faith (around neck)
Wands
 h - a wand of acid (5)
 r - a wand of flame (22)
 B - a wand of digging (6)
 M - a wand of iceblast (7)
Scrolls
 e - a scroll of fear {unknown}
 g - 2 scrolls of blinking
 k - 2 scrolls of identify
 q - 3 scrolls of immolation {unknown}
 u - a scroll of torment {unknown}
 x - a scroll of poison
 y - a scroll of fog
 E - a scroll of teleportation
 I - a scroll of enchant armour {unknown}
 N - 3 scrolls of vulnerability {unknown}
 P - 2 scrolls of enchant weapon {unknown}
Potions
 d - 10 potions of might
 m - 3 potions of brilliance
 n - 2 potions of resistance
 o - 5 potions of mutation
 p - 3 potions of cancellation
 s - 3 potions of heal wounds
 t - 4 potions of magic
 G - 2 potions of enlightenment
 J - a potion of invisibility {unknown}
 K - a potion of haste {unknown}


   Skills:
 + Level 12.5 Fighting
 - Level 12.2(13.0) Axes
 * Level 7.3(10.7) Polearms
 + Level 3.3 Ranged Weapons
 + Level 8.5 Armour
 - Level 8.0 Shields
 + Level 7.0 Invocations
 - Level 4.0 Evocations


You had 12 spell levels left.
You didn't know any spells.
Your spell library contained the following spells:

 Spells                   Type           Power      Damage    Failure   Level
 Magic Dart               Conj           0%         1d3       99%         1
 Blink                    Tloc           0%         N/A       100%        2
 Lesser Beckoning         Tloc           0%         N/A       100%        2
 Mercury Vapours          Alch/Air       0%         N/A       100%        2
 Scorch                   Fire           0%         2d5       100%        2
 Gell's Gravitas          Tloc           0%         N/A       100%        3
 Mephitic Cloud           Conj/Alch/Air  0%         N/A       100%        3
 Stone Arrow              Conj/Erth      0%         3d7       100%        3
 Teleport Other           Tloc           0%         N/A       100%        3
 Volatile Blastmotes      Fire/Tloc      0%         2d10      100%        3
 Dispel Undead            Necr           0%         3d6       100%        4
 Flame Wave               Conj/Fire      0%         2d4       100%        4
 Fulminant Prism          Conj/Alch      0%         3d5       100%        4
 Ignite Poison            Fire/Alch      0%         N/A       100%        4
 Iskenderun's Mystic Bla  Conj/Tloc      0%         2d3       100%        4
 Freezing Cloud           Conj/Ice/Air   0%         6-21      100%        5
 Lehudib's Crystal Spear  Conj/Erth      0%         10d2      100%        8
 Call Imp                 Summ           Unusable   N/A       N/A         2
 Cigotuvi's Dreadful Rot  Necr/Alch/Air  Unusable   N/A       N/A         2
 Animate Armour           Summ/Erth      Unusable   N/A       N/A         4
 Martyr's Knell           Necr/Summ      Unusable   N/A       N/A         4
 Death Channel            Necr           Unusable   N/A       N/A         6
 Summon Cactus Giant      Summ           Unusable   N/A       N/A         6

Dungeon Overview and Level Annotations

Branches:
Dungeon (11/15)            Temple (1/1) D:7            Lair (5/5) D:10
 Shoals (0/4) Lair:3          Orc (0/2) D:11          Sewer (visited)
 Bailey (visited)
  Snake: Lair:2-3    Spider: Lair:2-3     Slime: Lair:4-5

Altars:
Ashenzari
Cheibriados
Dithmenos
Elyvilon
Fedhas
Gozag
Hepliaklqana
Kikubaaqudgha
Makhleb
Nemelex Xobeh
Okawaru
Qazlal
Ru
Sif Muna
Trog
Uskayaw
Vehumet
Wu Jian
Xom
Yredelemnul
Zin
The Shining One

Shops:
D:2 =   D:5 =   D:8 =

Annotations:
D:7 3 runed translucent doors, temujin's ghost, novice DjCj
Lair:2 Sonja
Lair:4 exclusion: 2 oklob plants


Innate Abilities, Weirdness & Mutations

You are immune to sickness and miasma.
Your stone body is resilient. (AC +9)
You are immune to poison.
You resist negative energy. (rN+)
You are resistant to electric shocks. (rElec)
You are resistant to unholy torment.
You are immune to petrification.


Message History

You block the worldbinder's attack.
The worldbinder hits you but does no damage.
The raiju bursts into living lightning!
The living lightning hits you. You resist.
The raiju blinks! x2
The crimson imp blinks!
The raiju bites you. The raiju shocks you. You resist.
Some rock shatters into small pieces.
A white draconian stormcaller comes into view.
It is wielding a +0 short sword.
The worldbinder calls forth creatures from the Elven Halls!
Blink to where?
Press: ? - help, Dir - move target An orange demon comes into view.
As you read the scroll of blinking, it crumbles to dust.
The deep elf zephyrmancer shouts!
The orange demon screeches!
The deep elf zephyrmancer disappears in a puff of smoke!
The deep elf pyromancer disappears in a puff of smoke!
The cacodemon gestures next to the tentacled starspawn.
Some rock shatters into small pieces.
The white imp gestures at you.
The puff of frost hits you but does no damage.
The sixfirhy hits you but does no damage. x3
A tentacle flies out from the starspawn's body!
A starspawn tentacle comes into view.
The worldbinder calls forth creatures from the Elven Halls!
A starspawn tentacle comes into view.
The cacodemon gestures next to the white imp.
Some rock shatters into small pieces.
The sixfirhy attacks as it pursues you!
The sixfirhy hits you but does no damage.
The sixfirhy hits you! The sixfirhy shocks you. You resist.
* * * LOW HITPOINT WARNING * * *
The sixfirhy hits you.
* * * LOW HITPOINT WARNING * * *
The sixfirhy shocks you. You resist.
* * * LOW HITPOINT WARNING * * *
The sixfirhy hits you.
* * * LOW HITPOINT WARNING * * *
The sixfirhy shocks you. You resist.
* * * LOW HITPOINT WARNING * * *
The sixfirhy hits you!
You die...

. # .# .## .§ .##
... #. # ..# #.#.##
## #.# .... ##..
#§. #.###.##...# .
. ##...@..# ...
##..3#.#..§.#
##.###.##..#.# ##.
#..#†#4###..#
#.#......# ... #
##wX†..#....####
..#####e5#x##.#.. #
....h§#.2.5e..#...#
#..h#.# #...##.#..#


You could see an orange demon, a deep elf pyromancer (summoned), a worldbinder,
a sixfirhy and a white imp.

Vanquished Creatures
  Harold (D:11)
  A hydra (Lair:4)
  Erica (D:10)
  2 boulder beetles (D:11)
  A death yak (Lair:3)
  A thrashing horror (Abyss:2)
  An orc knight (Bailey)
  A deep elf pyromancer (D:7)
  A cyclops (D:11)
  6 elephants
  Maggie (D:8)
  9 cane toads
  3 black mambas (Lair:3)
  An orange demon (Abyss:2)
  2 unseen horrors
  4 komodo dragons
  3 kobold demonologists (D:10)
  4 trolls
  4 blink frogs (Lair:3)
  A vampire (D:11)
  3 wraiths (D:11)
  31 yaks
  2 ynoxinuls (Abyss:2)
  3 wyverns
  2 small abominations (Abyss:2)
  Eustachio (D:5)
  3 steam dragons
  2 basilisks
  2 acid dragons
  6 water moccasins
  4 hell hounds (Abyss:2)
  4 orc warriors
  3 sky beasts (D:7)
  3 ogres
  4 black bears
  6 ice beasts (D:11)
  6 wolves
  9 centaurs
  3 phantoms
  2 brain worms
  6 kobold brigands
  9 bullfrogs
  4 gnoll sergeants
  5 scorpions
  5 wights (D:6)
  27 killer bees
  A bombardier beetle (D:3)
  A jelly (D:6)
  2 hounds (D:6)
  A gnoll bouda (D:7)
  7 orc priests
  5 iguanas
  A sleepcap (D:7)
  Jessica (D:3)
  11 orc wizards
  7 hell rats (Lair:1)
  22 gnolls
  7 adders
  A river rat (D:3)
  A white imp (D:7)
  3 ufetubi
  3 dart slugs
  2 ribbon worms
  63 orcs
  14 ball pythons
  6 endoplasms
  5 giant cockroaches
  4 goblins
  7 hobgoblins
  4 jackals (D:4)
  5 quokkas
  10 bats
  4 frilled lizards
  26 kobolds
  6 rats
433 creatures vanquished.

Vanquished Creatures (others)
  An ufetubus (D:6)
  A goblin (D:7)
  A starspawn tentacle (Abyss:2)
3 creatures vanquished.

Grand Total: 436 creatures vanquished

Notes
Turn   | Place    | Note
-------+----------+-------------------------------------------
     0 | D:1      | caleiya the Gargoyle Fighter began the quest for the Orb.
     0 | D:1      | Reached XP level 1. HP: 14/14 MP: 1/1
   180 | D:1      | Reached XP level 2. HP: 19/19 MP: 2/2
   904 | D:2      | Found Inkug's Jewellery Shoppe.
  1025 | D:2      | Reached XP level 3. HP: 24/24 MP: 3/3
  1689 | D:3      | Reached XP level 4. HP: 15/29 MP: 4/4
  1882 | D:3      | Found a glowing drain.
  1886 | Sewer    | Entered a sewer
  1914 | Sewer    | Noticed a brain worm
  1944 | Sewer    | Killed a brain worm
  1945 | Sewer    | Reached XP level 5. HP: 23/34 MP: 2/5
  1999 | Sewer    | Noticed a kobold brigand
  2010 | Sewer    | Killed a kobold brigand
  2011 | Sewer    | Reached XP level 6. HP: 11/40 MP: 6/6
  2182 | Sewer    | Reached skill level 5 in Fighting
  2201 | Sewer    | Reached skill level 5 in Axes
  2557 | D:3      | Noticed Jessica
  2569 | D:3      | Killed Jessica
  2613 | D:3      | Reached XP level 7. HP: 38/44 MP: 7/7
  2790 | D:3      | Found a faded altar of an unknown god.
  3471 | D:4      | Found a burning altar of Makhleb.
  3472 | D:4      | Found a shadowy altar of Dithmenos.
  3978 | D:5      | Entered Level 5 of the Dungeon
  4230 | D:5      | Noticed Eustachio
  4263 | D:5      | Reached XP level 8. HP: 30/52 MP: 8/8
  4410 | D:5      | Killed Eustachio
  4777 | D:5      | Found Gucos's Jewellery Boutique.
  5432 | D:6      | Reached XP level 9. HP: 30/59 MP: 9/9
  6414 | D:7      | Found a runed translucent gate.
  6414 | D:7      | Found a runed translucent gate.
  6414 | D:7      | Found a runed translucent gate.
  6422 | D:7      | Reached skill level 10 in Axes
  6432 | D:7      | Found a staircase to the Ecumenical Temple.
  6450 | D:7      | Noticed a deep elf pyromancer
  6556 | D:7      | Noticed temujin's ghost (novice DjCj)
  6569 | D:7      | Noticed a boulder beetle
  6588 | D:7      | HP: 2/60 [gnoll/+0 club (4)]
  6781 | Temple   | Entered the Ecumenical Temple
  6951 | Temple   | Became a worshipper of Warmaster Okawaru
  7134 | D:7      | Killed a deep elf pyromancer
  7135 | D:7      | Reached XP level 10. HP: 24/67 MP: 10/10
  7940 | D:7      | Reached * piety under Okawaru
  7941 | D:7      | Reached skill level 10 in Fighting
  8019 | D:7      | Found a bloodstained altar of Trog.
  8500 | D:8      | Found Piungor's Jewellery Shop.
  8509 | D:8      | Bought a ring of see invisible for 210 gold pieces
  8551 | D:8      | Reached skill level 1 in Invocations
  8651 | D:8      | Reached ** piety under Okawaru
  8652 | D:8      | Reached skill level 1 in Evocations
  8875 | D:8      | Noticed Maggie
  8895 | D:8      | Killed Maggie
  9111 | D:8      | Found a faded altar of an unknown god.
  9111 | D:8      | Found a hazy altar of Hepliaklqana.
  9113 | D:8      | Found a faded altar of an unknown god.
  9649 | D:9      | Reached *** piety under Okawaru
  9817 | D:9      | Found an ancient bone altar of Kikubaaqudgha.
  9850 | D:9      | Reached XP level 11. HP: 60/73 MP: 12/12
 10178 | D:10     | Entered Level 10 of the Dungeon
 10256 | D:10     | Reached **** piety under Okawaru
 10287 | D:10     | Noticed Erica
 10296 | D:10     | Found a flagged portal.
 10307 | Bailey   | Entered a bailey
 10542 | Bailey   | Noticed an orc knight
 10549 | Bailey   | Reached skill level 5 in Armour
 10558 | Bailey   | Killed an orc knight
 10559 | Bailey   | Reached skill level 5 in Shields
 10930 | D:10     | Reached ***** piety under Okawaru
 11152 | D:10     | HP: 2/73 [gnoll sergeant/+0 spear (10)]
 11867 | D:10     | Found a staircase to the Lair.
 12001 | D:10     | Killed Erica
 12033 | D:10     | Found a snail-covered altar of Cheibriados.
 12125 | D:11     | Found a flickering gateway to a bazaar.
 12146 | Bazaar   | Entered a bazaar
 12155 | Bazaar   | Found Sulo's Antique Weapon Shop.
 12161 | Bazaar   | Found Quffan's General Store.
 12165 | Bazaar   | Found Nileca's Distillery.
 12198 | Bazaar   | Found Xaaf's Book Shop.
 12206 | Bazaar   | Found Otae's Armour Boutique.
 12245 | Bazaar   | Bought a potion of heal wounds for 65 gold pieces
 12245 | Bazaar   | Bought a scroll of teleportation for 39 gold pieces
 12260 | Bazaar   | Bought a slimy trident for 204 gold pieces
 12260 | Bazaar   | Identified the +5 trident of Toida {flame, rC+ rN+ Str-2
                  | Int+3} (You bought it in a shop in a bazaar)
 12347 | D:11     | Found a staircase to the Orcish Mines.
 12582 | D:11     | Noticed a boulder beetle
 12595 | D:11     | Killed a boulder beetle
 12596 | D:11     | Reached skill level 1 in Polearms
 12769 | D:11     | Received a gift from Okawaru
 12796 | D:11     | Reached ****** piety under Okawaru
 12797 | D:11     | Reached XP level 12. HP: 35/80 MP: 15/15
 13056 | D:11     | Reached skill level 5 in Invocations
 13318 | D:11     | Received a gift from Okawaru
 13482 | D:11     | Noticed a boulder beetle
 13503 | D:11     | Noticed Harold
 13506 | D:11     | Killed a boulder beetle
 13514 | D:11     | Killed Harold
 13929 | Lair:1   | Entered Level 1 of the Lair of Beasts
 14324 | Lair:1   | Received a gift from Okawaru
 15403 | Lair:2   | Reached skill level 5 in Polearms
 15512 | Lair:2   | Found a hide-covered altar of Uskayaw.
 15576 | Lair:2   | Received a gift from Okawaru
 15723 | Lair:2   | You fall into a shaft and drop 2 floors!
 15831 | Lair:4   | Noticed a six-headed hydra
 15845 | Lair:5   | Entered Level 5 of the Lair of Beasts
 15847 | Lair:5   | Noticed a seven-headed hydra
 15884 | Lair:5   | Noticed a seven-headed hydra
 15887 | Lair:5   | Reached XP level 13. HP: 67/86 MP: 17/17
 15895 | Lair:4   | Reached skill level 1 in Ranged Weapons
 16084 | Lair:4   | Received a gift from Okawaru
 16309 | Lair:3   | Found a white marble altar of Elyvilon.
 17107 | Lair:3   | Received a gift from Okawaru
 17257 | Lair:3   | Found a staircase to the Shoals.
 17687 | Lair:2   | Noticed Sonja
 17704 | Abyss:2  | Cast into level 2 of the Abyss (Sonja)
 17788 | Abyss:2  | HP: 2/76 [laughing skull/bolt of negative energy (5)]
 17799 | Abyss:2  | Noticed a quicksilver dragon
 18132 | Abyss:2  | Received a gift from Okawaru
 18144 | Abyss:2  | Noticed a dread lich
 18151 | Abyss:2  | Noticed a lorocyproca
 18165 | Abyss:2  | Paralysed by a dread lich for 2 turns
 18172 | Abyss:2  | Paralysed by a dread lich for 5 turns
 18178 | Abyss:2  | Noticed an ancient lich
 18182 | Abyss:2  | Paralysed by a dread lich for 2 turns
 18188 | Abyss:2  | Paralysed by a dread lich for 4 turns
 18190 | Abyss:2  | Noticed an Executioner
 18335 | Abyss:2  | Noticed a cacodemon
 18337 | Abyss:2  | Noticed a tentacled starspawn
 18341 | Abyss:2  | Noticed a green death
 18344 | Abyss:2  | Noticed a white draconian stormcaller
 18350 | Abyss:2  | HP: 3/75 [sixfirhy[a cacodemon] (4)]
 18350 | Abyss:2  | Slain by a sixfirhy

Illustrated notes

Levels and vault maps discovered:
D:1:      roadster_arrival_rocket_large, layout_loops_ring
D:2:      layout_loops_corners, serial_shops, shop, solitary_fountain
D:3:      layout_basic, dreamdust_ecumenical_altar_grove,
          mainiacjoe_sewer_entry_somewhere_in_here_2, uniq_jessica
D:4:      layout_loops_cross, mainiacjoe_overflow_divided_tiny,
          chequers_serial_rivers_micro_b
D:5:      layout_basic, serial_shops, shop, eino_tiny_chamber, uniq_eustachio
D:6:      layout_cave_pods, grunt_decor_one_mirror, amcnicky_mini_pool_medium
D:7:      layout_basic, trog_hazing_becter, temple_doors_e, gammafunk_ghost_icy,
          minmay_manual_macuahuitl
D:8:      layout_cave_pools, nicolae_hepliaklqana_ecumenical_no_more,
          serial_shops, nicolae_shop_waterfront, uniq_maggie
D:9:      layout_rooms, mainiacjoe_overflow_alcove_1
D:10:     layout_basic, kennysheep_little_box, dpeg_oklobed_lair,
          enter_bailey_2, uniq_erica
D:11:     minmay_ice_pillars, layout_loops_corners, orc_0_dummy, serial_shops,
          bzr_entry_water, nzn_life_drinkers, uniq_harold
Temple:   minmay_temple_bridge_d
Lair:1:   layout_cave_pods
Lair:2:   layout_layer_cave, basic_altar, chequers_serial_rivers_large_a,
          infiniplex_staircase_pool, uniq_sonja
Lair:3:   wad_woods_structure_01, layout_chaotic_city,
          minmay_shoals_entry_beasts, nicolae_spider_entry_non_spiders,
          basic_altar, serial_bayou, serial_bayou_pond_e, serial_bayou_pond_a,
          serial_bayou_ford_a, serial_bayou_pond_a
Lair:4:   layout_loops_ring, minmay_slime_entry_oklob_open
Lair:5:   hellmonk_lair_end_abyssal_woods, layout_regular_city,
          gammafunk_ghost_wrathful_warriors, lemuel_fruit_fields
Abyss:2:  base: D:10, evilmike_abyss_exit_chaos, hangedman_summoners_spam,
          guppyfry_abyss_exit_imp_island

Skill      XL: |  1  2  3  4  5  6  7  8  9 10 11 12 13 |
---------------+----------------------------------------+-----
Axes           | 2 3 4 5 6 8 10 11 12 | 12.2
Fighting       | 4 5 6 7 9 10 11 12 | 12.5
Invocations    | 2 4 6 7 |  7.0
Evocations     | 2 3 4 |  4.0
Shields        | 4 6 7 8 |  8.0
Armour         | 4 6 7 8 |  8.5
Polearms       | 1 5 7 |  7.3
Ranged Weapons | 3 |  3.3

Action                     |  1- 3 |  4- 6 |  7- 9 | 10-12 | 13-15 || total
---------------------------+-------+-------+-------+-------+-------++-------
  Melee: War axe           |    84 |   129 |   312 |   498 |       ||  1023
         Trident           |       |       |       |   364 |   303 ||   667
   Fire: Sling             |       |       |    10 |    11 |       ||    21
  Throw: Stone             |     4 |       |       |       |       ||     4
         Dart              |     6 |       |     2 |     2 |     2 ||    12
  Evoke: Wand              |       |     6 |     1 |    23 |       ||    30
    Use: Potion            |       |     1 |       |     2 |     5 ||     8
         Scroll            |       |       |     7 |     8 |     4 ||    19
 Armour: Scale mail        |    62 |    93 |    61 |       |       ||   216
         Plate armour      |       |       |   259 |   813 |   410 ||  1482
  Dodge: Dodged            |    36 |    57 |   116 |   250 |   116 ||   575
  Block: Buckler           |    22 |    31 |    67 |   223 |    83 ||   426
